BSA
ST. LOUIS BROWNS @ SAN FRANCISCO BANDITS
09/15/2030
 
TOP OF THE 1ST
St. Louis Browns batting - Pitching for San Francisco Bandits : LHP Manuel Rodríguez
Pitching: LHP Manuel Rodríguez
Batting: RHB Domingo Romero 0-0: Ball
1-0: Fly out, F8 (Flyball, 78M)
Batting: RHB Roberto Cardona 0-0: Called Strike
0-1: Ball
1-1: Ball
2-1: Foul Ball, location: 2F
2-2: Ball
3-2: Base on Balls
Batting: RHB Jeff Jones 0-0: Fly out, F3 (Popup, 3F)
Batting: RHB José Flores 0-0: Called Strike
0-1: Ball
1-1: Ball
2-1: Fly out, F8 (Line Drive, 8LD)
Top of the 1st over - 0 runs, 0 hits, 0 errors, 1 left on base; St. Louis 0 - San Francisco 0
BOTTOM OF THE 1ST
San Francisco Bandits batting - Pitching for St. Louis Browns : LHP Bernardo Miranda
Pitching: LHP Bernardo Miranda
Batting: RHB Scott Merritt 0-0: Ball
1-0: Ground out 6-3 (Groundball, 6)
Batting: RHB Peter Bishop 0-0: Ball
1-0: Fly out, F8 (Line Drive, 8RM)
Batting: LHB Chris Austin 0-0: Called Strike
0-1: Foul Ball, location: 2F
0-2: Fly out, F6 (Popup, P)
Bottom of the 1st over - 0 runs, 0 hits, 0 errors, 0 left on base; St. Louis 0 - San Francisco 0
TOP OF THE 2ND
St. Louis Browns batting - Pitching for San Francisco Bandits : LHP Manuel Rodríguez
Batting: SHB Víctor Serrano 0-0: Foul Ball, location: 2F
0-1: Ball
1-1: Ball
2-1: SINGLE (Line Drive, 56D)
Batting: LHB Norberto Muñóz 0-0: Foul Ball, location: 2F
0-1: Fly out, F7 (Line Drive, 7LS)
Batting: LHB Robin Hill 0-0: Ball
1-0: Ball
2-0: Ball
3-0: Base on Balls
Víctor Serrano to second
Batting: LHB Junior Coates 0-0: SINGLE (Line Drive, 8LS)
Víctor Serrano to third
Robin Hill to second
Runner from 3rd tries for Home, SAFE, throw made at trailing runner, OUT at third!
Batting: LHB Miguel Medellín 0-0: Foul Ball, location: 2F
0-1: Fielders Choice at 2nd, U6 (Groundball, 6M)
Top of the 2nd over - 1 run, 2 hits, 0 errors, 1 left on base; St. Louis 1 - San Francisco 0
BOTTOM OF THE 2ND
San Francisco Bandits batting - Pitching for St. Louis Browns : LHP Bernardo Miranda
Batting: RHB Owen Carter 0-0: Ball
1-0: Ground out 4-3 (Groundball, 4)
Batting: SHB Terry Dailey 0-0: Ball
1-0: Ball
2-0: Foul Ball, location: 2F
2-1: Swinging Strike
2-2: Ball
3-2: Fly out, F5 (Line Drive, 5S)
Batting: RHB Michael Elliott 0-0: Called Strike
0-1: SINGLE (Groundball, 34D)
Batting: LHB Alan McGilroy 0-0: Ball
1-0: Ball
2-0: Fly out, F8 (Flyball, 8RM)
Bottom of the 2nd over - 0 runs, 1 hit, 0 errors, 1 left on base; St. Louis 1 - San Francisco 0
TOP OF THE 3RD
St. Louis Browns batting - Pitching for San Francisco Bandits : LHP Manuel Rodríguez
Batting: RHB Domingo Romero 0-0: Fly out, F8 (Flyball, 8RD)
Batting: RHB Roberto Cardona 0-0: Fly out, F5 (Popup, 5F)
Batting: RHB Jeff Jones 0-0: Called Strike
0-1: Ball
1-1: Ball
2-1: Ground out U3 (Groundball, 34S)
Top of the 3rd over - 0 runs, 0 hits, 0 errors, 0 left on base; St. Louis 1 - San Francisco 0
BOTTOM OF THE 3RD
San Francisco Bandits batting - Pitching for St. Louis Browns : LHP Bernardo Miranda
Batting: RHB Millard Stark 0-0: Foul Ball, location: 2F
0-1: Ball
1-1: Ball
2-1: Ball
3-1: Fly out, F8 (Flyball, 8RM)
Batting: RHB Lorenzo Mota 0-0: Foul Ball, location: 2F
0-1: Ball
1-1: Ball
2-1: Ball
3-1: Ground out 3-1 (Groundball, 34S)
Batting: RHB Scott Merritt 0-0: Ball
1-0: Ball
2-0: Ball
3-0: Base on Balls
Batting: RHB Peter Bishop 0-0: Called Strike
0-1: Ball
1-1: Ball
2-1: Ball
3-1: Fly out, F9 (Flyball, 9)
Bottom of the 3rd over - 0 runs, 0 hits, 0 errors, 1 left on base; St. Louis 1 - San Francisco 0
TOP OF THE 4TH
St. Louis Browns batting - Pitching for San Francisco Bandits : LHP Manuel Rodríguez
Batting: RHB José Flores 0-0: Called Strike
0-1: Foul Ball, location: 2F
0-2: SINGLE (Line Drive, 9LS)
Batting: SHB Víctor Serrano 0-0: Ball
1-0: Called Strike
1-1: Called Strike
1-2: Ball
2-2: Strikes out looking
Batting: LHB Norberto Muñóz 0-0: Fielders Choice at 2nd, 4-6 (Groundball, 4)
Batting: LHB Robin Hill 0-0: DOUBLE (Line Drive, 89D)
Norberto Muñóz to third
Runner from 3rd tries for Home, SAFE, no throw
Batting: LHB Junior Coates 0-0: Ball
Robin Hill is caught stealing 3rd base
Top of the 4th over - 1 run, 2 hits, 0 errors, 0 left on base; St. Louis 2 - San Francisco 0
BOTTOM OF THE 4TH
San Francisco Bandits batting - Pitching for St. Louis Browns : LHP Bernardo Miranda
Batting: LHB Chris Austin 0-0: Called Strike
0-1: Fly out, F7 (Flyball, 7S)
Batting: RHB Owen Carter 0-0: Called Strike
0-1: Ball
1-1: Ball
2-1: SOLO HOME RUN (Line Drive, 78XD), Distance : 395 ft
Batting: SHB Terry Dailey 0-0: Ball
1-0: SINGLE (Flyball, 89S)
Batting: RHB Michael Elliott 0-0: Called Strike
0-1: Foul Ball, location: 2F
0-2: Ball
Terry Dailey is caught stealing 2nd base
1-2: Ground out U3 (Groundball, 34)
Bottom of the 4th over - 1 run, 2 hits, 0 errors, 0 left on base; St. Louis 2 - San Francisco 1
TOP OF THE 5TH
St. Louis Browns batting - Pitching for San Francisco Bandits : LHP Manuel Rodríguez
Batting: LHB Junior Coates 0-0: Called Strike
0-1: Swinging Strike
0-2: Foul Ball, location: 2F
0-2: Ball
1-2: Foul Ball, location: 2F
1-2: Ball
2-2: Fly out, F6 (Popup, 6S)
Batting: LHB Miguel Medellín 0-0: Ball
1-0: Called Strike
1-1: Ground out 4-3 (Groundball, 4S)
Batting: RHB Domingo Romero 0-0: Called Strike
0-1: Called Strike
0-2: Foul Ball, location: 2F
0-2: Ball
1-2: Ball
2-2: Ball
3-2: Foul Ball, location: 2F
3-2: Strikes out swinging
Top of the 5th over - 0 runs, 0 hits, 0 errors, 0 left on base; St. Louis 2 - San Francisco 1
BOTTOM OF THE 5TH
San Francisco Bandits batting - Pitching for St. Louis Browns : LHP Bernardo Miranda
Batting: LHB Alan McGilroy 0-0: Fly out, F7 (Flyball, 7S)
Batting: RHB Millard Stark 0-0: Ball
1-0: Ball
2-0: Foul Ball, location: 2F
2-1: Foul Ball, location: 2F
2-2: Strikes out swinging
Batting: RHB Lorenzo Mota 0-0: Ball
1-0: Ball
2-0: Ball
3-0: Called Strike
3-1: Ground out 4-3 (Groundball, 4)
Bottom of the 5th over - 0 runs, 0 hits, 0 errors, 0 left on base; St. Louis 2 - San Francisco 1
TOP OF THE 6TH
St. Louis Browns batting - Pitching for San Francisco Bandits : LHP Manuel Rodríguez
Batting: RHB Roberto Cardona 0-0: Ball
1-0: Ball
2-0: Foul Ball, location: 2F
2-1: Fly out, F4 (Flyball, 34D)
Batting: RHB Jeff Jones 0-0: Ground out 4-3 (Groundball, 4MD)
Batting: RHB José Flores 0-0: Ball
1-0: Ball
2-0: Ground out 6-3 (Groundball, 6S)
Top of the 6th over - 0 runs, 0 hits, 0 errors, 0 left on base; St. Louis 2 - San Francisco 1
BOTTOM OF THE 6TH
San Francisco Bandits batting - Pitching for St. Louis Browns : LHP Bernardo Miranda
Batting: RHB Scott Merritt 0-0: Ball
1-0: Swinging Strike
1-1: Ball
2-1: Swinging Strike
2-2: Ball
3-2: SINGLE (Groundball, 4D)
Batting: RHB Peter Bishop 0-0: Foul Ball, location: 2F
0-1: Ball
1-1: Swinging Strike
1-2: Foul Ball, location: 2F
1-2: Foul Ball, location: 2F
1-2: Strikes out swinging
Batting: LHB Chris Austin 0-0: Ball
1-0: Fly out, F8 (Flyball, 8LXD)
Batting: RHB Owen Carter 0-0: Called Strike
0-1: Foul Ball, location: 2F
0-2: Fielders Choice at 2nd, 5-4 (Groundball, 5)
Bottom of the 6th over - 0 runs, 1 hit, 0 errors, 1 left on base; St. Louis 2 - San Francisco 1
TOP OF THE 7TH
St. Louis Browns batting - Pitching for San Francisco Bandits : LHP Manuel Rodríguez
Batting: SHB Víctor Serrano 0-0: Ball
1-0: Ball
2-0: Called Strike
2-1: Ball
3-1: Foul Ball, location: 2F
3-2: Base on Balls
Batting: LHB Norberto Muñóz 0-0: Ball
1-0: Bunted foul
1-1: Sac Bunt - play at first, batter OUT! 2-4
Víctor Serrano to second
Pinch Hitting: RHB Pepe Carrasco 0-0: Intentional Walk
Batting: LHB Junior Coates 0-0: Ball
1-0: Ball
2-0: Ball
3-0: Base on Balls
Víctor Serrano to third
Pepe Carrasco to second
Pitching: LHP Armando Rodríguez
Batting: LHB Miguel Medellín 0-0: Foul Ball, location: 2F
0-1: Ball
1-1: Grounds into fielders choice 5-2 (Groundball, 5L)
Pepe Carrasco to third
Junior Coates to second
Batting: RHB Domingo Romero 0-0: Foul Ball, location: 2F
0-1: Called Strike
0-2: Ball
1-2: Ball
2-2: Ground out 5-3 (Groundball, 56S)
Top of the 7th over - 0 runs, 0 hits, 0 errors, 3 left on base; St. Louis 2 - San Francisco 1
BOTTOM OF THE 7TH
San Francisco Bandits batting - Pitching for St. Louis Browns : LHP Bernardo Miranda
Now in LF: Pepe Carrasco
Batting: SHB Terry Dailey 0-0: Ball
1-0: Foul Ball, location: 2F
1-1: Foul Ball, location: 2F
1-2: Strikes out looking
Batting: RHB Michael Elliott 0-0: Ball
1-0: Foul Ball, location: 2F
1-1: Called Strike
1-2: Ball
2-2: Ball
3-2: Base on Balls
Pinch Hitting: RHB Dale Taylor 0-0: Ball
1-0: Called Strike
1-1: Ball
2-1: Fly out, F6 (Popup, 56)
Batting: RHB Millard Stark 0-0: Called Strike
0-1: Fielders Choice at 2nd, 6-4 (Groundball, 6)
Bottom of the 7th over - 0 runs, 0 hits, 0 errors, 1 left on base; St. Louis 2 - San Francisco 1
TOP OF THE 8TH
St. Louis Browns batting - Pitching for San Francisco Bandits : LHP Armando Rodríguez
Now at 1B: Dale Taylor
Batting: RHB Roberto Cardona 0-0: Called Strike
0-1: SINGLE (Groundball, 34D)
Batting: RHB Jeff Jones 0-0: Called Strike
0-1: Foul Ball, location: 2F
0-2: Ball
1-2: Strikes out looking
Batting: RHB José Flores 0-0: Ball
Roberto Cardona steals 2nd base
1-0: SINGLE (Line Drive, 89S)
Roberto Cardona to third
Batting: SHB Víctor Serrano 0-0: Ball
1-0: Called Strike
1-1: Foul Ball, location: 2F
1-2: Ball
2-2: Ball
3-2: Foul Ball, location: 2F
3-2: Foul Ball, location: 2F
3-2: Foul Ball, location: 2F
3-2: Base on Balls
José Flores to second
Batting: LHB Norberto Muñóz 0-0: Foul Ball, location: 2F
0-1: Called Strike
0-2: SINGLE (Line Drive, 7)
Roberto Cardona scores
José Flores to third
Víctor Serrano to second
Batting: RHB Pepe Carrasco 0-0: Swinging Strike
0-1: Foul Ball, location: 2F
0-2: Ball
1-2: SINGLE (Line Drive, 9LS)
José Flores scores
Víctor Serrano to third
Norberto Muñóz to second
Pitching: RHP Carlos Ledezma
Batting: LHB Junior Coates 0-0: Ball
1-0: Swinging Strike
1-1: Ball
2-1: Fly out, F8 (Flyball, 8LM)
Runner from 3rd tags up, SCORES, throw made
Batting: LHB Miguel Medellín 0-0: Foul Ball, location: 2F
0-1: Fielders Choice at 2nd, 6-4 (Groundball, 6)
Top of the 8th over - 3 runs, 4 hits, 0 errors, 2 left on base; St. Louis 5 - San Francisco 1
BOTTOM OF THE 8TH
San Francisco Bandits batting - Pitching for St. Louis Browns : LHP Bernardo Miranda
Pitching: RHP Juan Franco
Batting: RHB Lorenzo Mota 0-0: Called Strike
0-1: SINGLE (Groundball, 56) (infield hit)
Batting: RHB Scott Merritt 0-0: Ball
1-0: 2-RUN HOME RUN (Flyball, 7LD), Distance : 367 ft
Pitching: RHP Huang Chen
Batting: RHB Peter Bishop 0-0: Ball
1-0: Fly out, F2 (Popup, 25F)
Batting: LHB Chris Austin 0-0: Ground out 4-3 (Groundball, 4M)
Batting: RHB Owen Carter 0-0: Ball
1-0: SINGLE (Line Drive, 7S)
Batting: SHB Terry Dailey 0-0: Swinging Strike
0-1: Ball
1-1: Swinging Strike
1-2: Strikes out swinging
Bottom of the 8th over - 2 runs, 3 hits, 0 errors, 1 left on base; St. Louis 5 - San Francisco 3
TOP OF THE 9TH
St. Louis Browns batting - Pitching for San Francisco Bandits : RHP Carlos Ledezma
Pitching: RHP Kunihiko Daikawa
Batting: RHB Domingo Romero 0-0: Called Strike
0-1: Ball
1-1: Foul Ball, location: 2F
1-2: Ball
2-2: Fly out, F9 (Flyball, 9)
Batting: RHB Roberto Cardona 0-0: Ball
1-0: Ball
2-0: Ball
3-0: Called Strike
3-1: Called Strike
3-2: Strikes out swinging
Batting: RHB Jeff Jones 0-0: Called Strike
0-1: Swinging Strike
0-2: Strikes out swinging
Top of the 9th over - 0 runs, 0 hits, 0 errors, 0 left on base; St. Louis 5 - San Francisco 3
BOTTOM OF THE 9TH
San Francisco Bandits batting - Pitching for St. Louis Browns : RHP Huang Chen
Batting: RHB Michael Elliott 0-0: Ball
1-0: Ball
2-0: Ball
3-0: Called Strike
3-1: Foul Ball, location: 2F
3-2: TRIPLE (Line Drive, 89XD)
Batting: RHB Dale Taylor 0-0: Called Strike
0-1: Ball
1-1: Ball
2-1: DOUBLE (Flyball, 78D)
Michael Elliott scores
Batting: RHB Millard Stark 0-0: Ball
1-0: Bunted foul
1-1: Ball
2-1: Sac Bunt - play at first, batter OUT! 3-4
Dale Taylor to third
Batting: RHB Lorenzo Mota 0-0: Ball
1-0: Ball
2-0: Called Strike
2-1: Foul Ball, location: 2F
2-2: Foul Ball, location: 2F
2-2: Foul Ball, location: 2F
2-2: Strikes out swinging, 2-3 out at first.
Batting: RHB Scott Merritt 0-0: Ball
1-0: Called Strike
1-1: Ball
2-1: Ground out 5-3 (Groundball, 56S)
Bottom of the 9th over - 1 run, 2 hits, 0 errors, 1 left on base; St. Louis 5 - San Francisco 4
Saturday, April 7th, 2018 - OOTP Baseball 18.8 Build 76